 Dungeon Crawl Stone Soup version 0.30-a0-1123-gabc949cf19 (webtiles) character file.

Game seed: 2904375118435061322

105 ketsa the Conjurer (level 4, 0/24 HPs)
             Began as a Deep Elf Conjurer on Apr 22, 2023.
             Was an Initiate of Vehumet.
             Slain by Pikel
             ... wielding a +2 whip of flaming
              (12 damage)
             ... on level 4 of the Dungeon.
             The game lasted 00:12:40 (3524 turns).

ketsa the Conjurer (Deep Elf Conjurer)              Turns: 3524, Time: 00:12:40

Health: 0/24       AC:  3    Str:  4    XL:     4   Next: 54%
Magic:  14/21      EV: 12    Int: 25    God:    Vehumet [......]
Gold:   185        SH:  0    Dex: 13    Spells: 6/12 levels left

rFire   . . .        g - +1 dagger
rCold   . . .        (no shield)
rNeg    . . .        a - +1 robe
rPois   .            (no helmet)
rElec   .            (no cloak)
rCorr   .            (no gloves)
SInv    .            (no boots)
Will    .....        (no amulet)
Stlth   ++           n - ring of magical power
HPRegen 0.24/turn    (no ring)
MPRegen 0.17/turn

%: no passive effects
@: no status effects
A: no striking features
a: Renounce Religion


You were on level 4 of the Dungeon.
You worshipped Vehumet.
Vehumet was noncommittal.
You visited 1 branch of the dungeon, and saw 4 of its levels.

You collected 185 gold pieces.

Inventory:

Hand Weapons
 g - a +1 dagger (weapon)
Missiles
 e - 4 large rocks
 h - 59 stones
 m - a throwing net
Armour
 a - a +1 robe (worn)
Magical Staves
 w - a staff of death
Jewellery
 n - a ring of magical power (left hand)
Scrolls
 q - a scroll of blinking
 t - a scroll of amnesia
 x - a scroll of fog {unknown}
Potions
 b - a potion of magic
 c - 5 potions of curing
 d - 3 potions of brilliance {unknown}
 f - a potion of might {unknown}
 i - 4 potions of mutation {unknown}
 j - a potion of degeneration {unknown}
 k - a potion of attraction {unknown}
 l - a potion of flight {unknown}
 o - 2 potions of heal wounds
 r - 2 potions of invisibility {unknown}
 s - a potion of lignification {unknown}
 u - a potion of haste {unknown}
 v - a potion of resistance {unknown}


   Skills:
 - Level 2.4 Dodging
 - Level 2.4 Stealth
 + Level 4.9 Spellcasting
 + Level 5.4 Conjurations
 + Level 1.5 Hexes


You had 6 spell levels left.
You knew the following spells:

 Your Spells              Type           Power      Damage    Failure   Level
a - Magic Dart            Conj           100%       1d8       1%          1
b - Searing Ray           Conj           66%        2d6       1%          2
c - Dazzling Flash        Conj/Hex       46%        N/A       6%          3

Your spell library contained the following spells:

 Spells                   Type           Power      Damage    Failure   Level
 Fulminant Prism          Conj/Hex       11%        3d8       21%         4
 Iskenderun's Mystic Bla  Conj/Tloc      19%        2d6       26%         4


Dungeon Overview and Level Annotations

Branches:
Dungeon (4/15)
 Temple: D:4-7

Altars:
Dithmenos
Fedhas
Kikubaaqudgha
Nemelex Xobeh
Okawaru
Vehumet
Xom
Yredelemnul

Annotations:
D:4 Grinder, Pikel


Message History

The lemure is moderately wounded.
The iceblast engulfs Pikel!
Pikel is moderately wounded.
Aiming: Iceblast
Press: ? - help, Shift-Dir - straight line, f - Pikel
Aim: Pikel, wielding a +2 whip of flaming and wearing a +0 robe (moderately wounded)
The mass of ice explodes!
The iceblast engulfs Pikel.
Pikel is heavily wounded.
The iceblast engulfs the lemure!
The lemure is heavily wounded.
Aiming: Iceblast
Press: ? - help, Shift-Dir - straight line, f/p - Pikel
Aim: Pikel, wielding a +2 whip of flaming and wearing a +0 robe (heavily wounded)
The mass of ice explodes!
The iceblast engulfs Pikel!!
Pikel is almost dead.
The iceblast engulfs the lemure!
You kill the lemure!
That felt strangely unrewarding.
Pikel drinks a potion.
Pikel is healed!
Aiming: Iceblast
Press: ? - help, Shift-Dir - straight line, f/p - Pikel
Aim: Pikel, wielding a +2 whip of flaming and wearing a +0 robe (heavily wounded)
The mass of ice explodes!
The iceblast engulfs Pikel!
Pikel is severely wounded.
The iceblast engulfs the lemure.
The lemure is lightly wounded.
The now-empty wand crumbles to dust.
You aren't carrying any items that you can evoke.
Casting: Searing Ray (safe; 1% risk of failure)
Confirm with . or Enter, or press ? or * to list all spells.
The spell is quite dangerous to miscast (6% risk of failure)!
Continue anyway?
Casting: Dazzling Flash (quite dangerous; 6% risk of failure)
Press: ? - help, Dir - look around, f - activate Look: Pikel, wielding a +2 whip of flaming and wearing a +0 robe (severely wounded, chance to dazzle: 55%) Pikel hits you with a +2 whip of flaming!
Pikel burns you.
You aren't carrying any items that you can evoke.
Pikel attacks as you move away!
Pikel hits you with a +2 whip of flaming!
Ouch! That really hurt!
You die...

# ##.###...# #.#
#.##
#######.###....#
#.## ####..#..
.....<..##..##.#
#.###.......#
...........# #.#
#....####...#
..........## #.#
###### #..#
#######..## ##.#
... ### ####
#..# ... ..##
#..######### #..
...######
##..@K5....# ##
##......##
##.###.)...
#######.## ###
#.. ##.## ##.##
##.##
##########...#
............##
......#######


You could see Pikel and a lemure.

Vanquished Creatures
  3 lemures (D:4)
  A sleepcap (D:4)
  3 worms
  3 dart slugs
  2 orcs (D:4)
  11 ball pythons
  2 endoplasms
  2 giant cockroaches (D:3)
  5 goblins
  8 hobgoblins
  7 kobolds
  5 quokkas
  6 bats
  A frilled lizard (D:2)
  3 rats
62 creatures vanquished.

Notes
Turn   | Place    | Note
-------+----------+-------------------------------------------
     0 | D:1      | ketsa the Deep Elf Conjurer began the quest for the Orb.
     0 | D:1      | Reached XP level 1. HP: 10/10 MP: 6/6
   414 | D:1      | Reached XP level 2. HP: 15/15 MP: 2/8
   987 | D:1      | Found a faded altar of an unknown god.
  1124 | D:1      | Learned a level 2 spell: Searing Ray
  1190 | D:2      | Reached skill level 5 in Conjurations
  1190 | D:2      | Reached XP level 3. HP: 19/19 MP: 8/10
  2035 | D:3      | Learned a level 3 spell: Dazzling Flash
  2073 | D:3      | Found a shimmering altar of Xom.
  2307 | D:3      | Found a basalt altar of Yredelemnul.
  2307 | D:3      | Found a radiant altar of Vehumet.
  2308 | D:3      | Found a shadowy altar of Dithmenos.
  2310 | D:3      | Found a sparkling altar of Nemelex Xobeh.
  2311 | D:3      | Found an iron altar of Okawaru.
  2348 | D:3      | Became a worshipper of Vehumet
  2517 | D:3      | Found an ancient bone altar of Kikubaaqudgha.
  2639 | D:3      | Found a blossoming altar of Fedhas.
  2835 | D:3      | Reached XP level 4. HP: 24/24 MP: 12/12
  2907 | D:4      | Noticed Pikel
  2907 | D:4      | Noticed a lemure
  2907 | D:4      | Noticed a lemure
  2907 | D:4      | Noticed a lemure
  2907 | D:4      | Noticed a lemure
  2934 | D:4      | Reached skill level 1 in Hexes
  3125 | D:4      | Noticed Grinder
  3515 | D:4      | Killed a lemure
  3518 | D:4      | Killed a lemure
  3521 | D:4      | Killed a lemure
  3524 | D:4      | Slain by Pikel

Illustrated notes

Levels and vault maps discovered:
D:1:      shiori_shiawase, layout_loops_ring,
          shapermc_ecumenical_altar_flowoftime, grunt_decor_resistance
D:2:      layout_rooms
D:3:      layout_loops_corners, fedhas_ov_isle_minmay,
          mainiacjoe_overflow_boulevard, grunt_temple_overflow_open,
          mainiacjoe_overflow_six_doors_small
D:4:      layout_layer_cave, uniq_grinder, uniq_pikel, uniq_edmund

Skill      XL: |  1  2  3  4 |
---------------+-------------+-----
Spellcasting   | 4 |  4.9
Conjurations   | 5 |  5.4
Hexes          | 1 |  1.5
Dodging        | |  2.4
Stealth        | |  2.4

Action                     |  1- 3 |  4- 6 || total
---------------------------+-------+-------++-------
  Melee: Dagger            |     8 |       ||     8
   Cast: Magic Dart        |    89 |    12 ||   101
         Searing Ray       |     4 |     6 ||    10
         Dazzling Flash    |       |     1 ||     1
  Evoke: Wand              |       |     7 ||     7
    Use: Scroll            |     9 |       ||     9
   Stab: Sleeping          |     4 |       ||     4
 Armour: Robe              |     8 |     1 ||     9
  Dodge: Dodged            |     6 |     9 ||    15

Table legend: (Time is in decaauts)
 A = Elapsed time spent in this place.
 B = Non-inter-level travel time spent in this place.
 C = Inter-level travel time spent in this place.
 D = Time resting spent in this place.
 E = Time spent auto-exploring this place.
 F = Levels seen in this place.
 G = Mean time per level.
                   A        B        C        D        E       F      G
               +--------+--------+--------+--------+--------+-----+--------+
         Total |   3525 |   3471 |     54 |    714 |   1971 |   4 |  881.2 |
       Dungeon |   3525 |   3471 |     54 |    714 |   1971 |   4 |  881.2 |
               +--------+--------+--------+--------+--------+-----+--------+

Top non-repeatable levels by time:
     D:1: 1127 daAuts
     D:3: 1042 daAuts
     D:2: 769 daAuts
     D:4: 586 daAuts
